 Dungeon Crawl Stone Soup version 0.25-a0-597-gb30770a0c0 (webtiles) character file.

Game seed: 15749136508342076689, levelgen mode: deterministic

2 An17 the Caller (level 1, 0/13 HPs)
             Began as a Demonspawn Wanderer on Mar 15, 2020.
             Slain by a jackal (2 damage)
             ... on level 1 of the Dungeon.
             The game lasted 00:00:25 (40 turns).

An17 the Caller (Demonspawn Wanderer)                 Turns: 40, Time: 00:00:26

Health: 0/13       AC:  2    Str: 11    XL:     1   Next: 33%
Magic:  2/2        EV: 12    Int: 15    God:
Gold:   0          SH:  0    Dex: 11    Spells: 1/2 levels left

rFire    . . .     SeeInvis .   a - +2 short sword
rCold    . . .     Gourm    .   (no shield)
rNeg     . . .     Faith    .   d - +0 robe
rPois    .         Spirit   .   (no helmet)
rElec    .         Reflect  .   (no cloak)
rCorr    .         Harm     .   (no gloves)
MR       .....                  (no boots)
Stlth    +.........             (no amulet)
HPRegen  0.04/turn              (no ring)
MPRegen  0.08/turn              (no ring)

@: no status effects
A: no striking features
a: no special abilities


You were on level 1 of the Dungeon.
You were not hungry.

You visited 1 branch of the dungeon, and saw 1 of its levels.

Inventory:

Hand Weapons
 a - a +2 short sword (weapon)
Armour
 d - a +0 robe (worn)
Scrolls
 c - 2 scrolls of teleportation
Comestibles
 f - a ration


   Skills:
 + Level 1.0 Short Blades
 + Level 2.0 Dodging
 + Level 1.0 Stealth
 + Level 1.0 Spellcasting
   Level 2.0 Hexes
   Level 2.0 Summonings
   Level 1.0 Evocations


You had one spell level left.
You knew the following spells:

 Your Spells              Type           Power        Failure   Level  Hunger
a - Sandblast             Erth           #.....       24%         1    ##.....

Your spell library contained the following spells:

 Spells                   Type           Power        Failure   Level  Hunger
 Stone Arrow              Conj/Erth      #.....       58%         3    ####...


Dungeon Overview and Level Annotations

Branches:
Dungeon (1/15)

Altars:


Message History

The jackal bites you but does no damage.
You barely miss the jackal. The jackal barely misses you.
The jackal bites you but does no damage.
The jackal misses you.
You miss the jackal. The jackal barely misses you.
A hobgoblin comes into view.
The jackal barely misses you.
A frilled lizard comes into view.
The jackal barely misses you.
You barely miss the jackal. The jackal closely misses you.
The jackal bites you. The jackal misses you.
You completely miss the jackal. The jackal misses you.
The jackal bites you but does no damage.
The jackal barely misses you.
The frilled lizard hisses angrily.
You hit the jackal but do no damage. The jackal misses you.
The jackal bites you.
* * * LOW HITPOINT WARNING * * *
The jackal bites you.
You die...

# # #. ##. #.. ...
#...#####.# .. ..........#
.. ). #. #...h.# .# . #.
#####@# #.#.# #.##
####h#####.#. ##..#
##.....#.##..
#...###.........#.#
##.........##...#.#
#..<.....## ##l...#######
##...#.#.# ##...........
#.....###..####..g#..####...
......##
##.......##.........


You could see 2 jackals, a hobgoblin (wandering) and a frilled lizard.

Vanquished Creatures
  2 jackals (D:1)
2 creatures vanquished.

Notes
Turn   | Place    | Note
-------+----------+-------------------------------------------
     0 | D:1      | An17 the Demonspawn Wanderer began the quest for the Orb.
     0 | D:1      | An17 set off with the following items: a +2 short sword, a
                  | scroll of teleportation, a +0 robe, a ration; and the
                  | following spell memorised: Sandblast; and the following
                  | spells available to memorise: Stone Arrow
     0 | D:1      | Reached XP level 1. HP: 13/13 MP: 2/2
    40 | D:1      | Slain by a jackal

Levels and vault maps discovered:
D:1:      dpeg_arrival_arbitrary_b, layout_loops_cross

Skill      XL: |  1 |
---------------+----+-----
Dodging        | 2 |  2.0
Short Blades   | |  1.0
Stealth        | |  1.0
Spellcasting   | |  1.0
Hexes          | |  2.0
Summonings     | |  2.0
Evocations     | |  1.0

Action                   || total
-------------------------++-------
Melee: Short sword       ||    13
Armor: Robe              ||    10
Dodge: Dodged            ||    26

Table legend:
 A = Non-vault XP
 B = Vault XP
 C = Vault XP percentage of total XP
 D = Non-vault monster count
 E = Vault monster count
 F = Vault count percentage of total count
                 A         B        C        D         E       F
            +---------+---------+-------+---------+---------+-------
      Total |       4 |       0 |   0.0 |       2 |       0 |   0.0
            +---------+---------+-------+---------+---------+-------
        D:1 |       4 |       0 |   0.0 |       2 |       0 |   0.0
            +---------+---------+-------+---------+---------+-------
